 Dungeon Crawl Stone Soup version 0.32-a0-30-gefbe487952 (webtiles) character file.

Game seed: 8595734630687040240

14009 Khashishi the Geomancer (level 12, -1/96 HPs)
             Began as a Human Earth Elementalist on Jan 19, 2024.
             Was a Believer of Elyvilon.
             Succumbed to a cane toad's poison
             ... on level 10 of the Dungeon.
             The game lasted 01:28:29 (9900 turns).

Khashishi the Geomancer (Human Earth Elementalist)  Turns: 9900, Time: 01:28:30

Health: -1/96      AC: 26    Str: 11    XL:     12   Next: 12%
Magic:  2/24       EV:  2    Int: 21    God:    Elyvilon [**....]
Gold:   236        SH:  0    Dex: 14    Spells: 2/28 levels left

rFire   + + .        B - +7 sling "Civugun" {flame, rF+ Str+3}
rCold   . . .        (no shield)
rNeg    . . .        D - melded +2 steam dragon scales
rPois   +            S - melded +0 helmet
rElec   .            F - melded +1 cloak
rCorr   .            P - melded +1 pair of gloves
SInv    .            h - melded +2 pair of boots
Will    .....        p - amulet of faith
Stlth   ++           Q - ring of protection from fire
HPRegen 0.36/turn    f - +5 ring of evasion
MPRegen 0.19/turn

%: faith
@: mighty, lethally poisoned (-1 -> -4), tree-form, on berserk cooldown, slowed,
very slow
A: stationary, stasis, torment immunity, boosted hp, explore regen, frail 2,
inability to read after injury 1
a: Renounce Religion, Purification, Heal Other


You were on level 10 of the Dungeon.
You worshipped Elyvilon.
Elyvilon was pleased with you.
You were a tree.
You visited 3 branches of the dungeon, and saw 12 of its levels.
You also visited: Sewer and Bailey.

You collected 1124 gold pieces.
You spent 888 gold pieces at shops.

Inventory:

Hand Weapons
 B - the +7 sling "Civugun" (weapon) {flame, rF+ Str+3}
   (You bought it in a shop on level 4 of the Dungeon)

   Str+3:     It affects your strength (+3).
   rF+:       It protects you from fire.
 H - a +5 dagger
 K - a +1 whip of electrocution
 O - a +2 dire flail of holy wrath
Missiles
 u - 32 poisoned darts
 L - 7 throwing nets
Armour
 h - a +2 pair of boots (melded)
 y - a +0 ring mail of poison resistance
 D - +2 steam dragon scales (melded)
 E - a +2 robe of resistance
 F - a +1 cloak (melded)
 P - a +1 pair of gloves (melded)
 S - a +0 helmet (melded)
Jewellery
 d - a ring of resist corrosion
 f - a +5 ring of evasion (right branch)
 p - an amulet of faith (around neck)
 q - a +4 ring of slaying
 r - a ring of fire
 Q - a ring of protection from fire (left branch)
Wands
 i - a wand of paralysis (9)
 k - a wand of flame (11)
 I - a wand of quicksilver (7)
 J - a wand of iceblast (3)
 M - a wand of mindburst (13)
Scrolls
 c - 4 scrolls of teleportation
 j - 3 scrolls of amnesia
 l - 2 scrolls of revelation {unknown}
 m - a scroll of silence {unknown}
 s - a scroll of poison
 t - a scroll of fog {unknown}
 z - a scroll of butterflies {unknown}
Potions
 b - a potion of magic
 e - 3 potions of resistance
 n - 4 potions of attraction
 v - a potion of haste {unknown}
 w - 3 potions of enlightenment
 A - 2 potions of brilliance
 C - a potion of invisibility {unknown}
 G - a potion of cancellation
Miscellaneous
 R - a phial of floods


   Skills:
 - Level 3.0 Fighting
 + Level 1.3 Ranged Weapons
 - Level 3.0 Armour
 - Level 4.0 Dodging
 - Level 2.0 Stealth
 + Level 8.5 Spellcasting
 - Level 10.0 Conjurations
 + Level 10.4 Earth Magic
 + Level 3.0 Alchemy
 + Level 7.7 Invocations


You had 2 spell levels left.
You knew the following spells:

 Your Spells              Type           Power      Damage    Failure   Level
a - Sandblast             Erth           100%       2d20      1%          1
b - Stone Arrow           Conj/Erth      100%       3d13      1%          3
c - Brom's Barrelling Bo  Conj/Erth      51%        2d7       1%          4
d - Passwall              Erth           52%        N/A       1%          3
e - Lee's Rapid Deconstr  Erth           26%        3d14*     2%          5
f - Bombard               Conj/Erth      25%        9d5       17%         6
g - Leda's Liquefaction   Alch/Erth      18%        N/A       4%          4

Your spell library contained the following spells:

 Spells                   Type           Power      Damage    Failure   Level
 Sting                    Conj/Alch      100%       1d9       1%          1
 Apportation              Tloc           18%        N/A       8%          1
 Necrotise                Necr           36%        1d5       8%          1
 Summon Small Mammal      Summ           36%        N/A       8%          1
 Cigotuvi's Dreadful Rot  Necr/Alch/Air  26%        N/A       8%          2
 Ensorcelled Hibernation  Hex/Ice        18%        N/A       12%         2
 Dazzling Flash           Conj/Hex       60%        N/A       3%          3
 Mephitic Cloud           Conj/Alch/Air  27%        N/A       3%          3
 Petrify                  Alch/Erth      37%        N/A       4%          4
 Fugue of the Fallen      Necr           9%         N/A       22%         3
 Gell's Gravitas          Tloc           9%         N/A       22%         3
 Teleport Other           Tloc           9%         N/A       22%         3
 Ignite Poison            Fire/Alch      15%        N/A       36%         4
 Freezing Cloud           Conj/Ice/Air   11%        6-21      47%         5
 Anguish                  Hex/Necr       4%         N/A       58%         4
 Curse of Agony           Necr           9%         N/A       91%         5
 Silence                  Hex/Air        4%         N/A       91%         5
 Summon Forest            Summ/Tloc      4%         N/A       91%         5
 Summon Mana Viper        Hex/Summ       9%         N/A       91%         5
 Dispersal                Tloc           4%         N/A       100%        6
 Summon Cactus Giant      Summ           4%         N/A       100%        6


Dungeon Overview and Level Annotations

Branches:
Dungeon (10/15)            Temple (1/1) D:7            Lair (1/5) D:10
  Sewer (visited)          Bailey (visited)
    Orc: D:9-12

Altars:
Ashenzari
Cheibriados
Dithmenos
Elyvilon
Fedhas
Gozag
Hepliaklqana
Kikubaaqudgha
Makhleb
Nemelex Xobeh
Okawaru
Qazlal
Ru
Sif Muna
Trog
Uskayaw
Vehumet
Wu Jian
Xom
Yredelemnul
Zin
The Shining One

Shops:
D:4 *(*:!   D:6 *   D:10 !


Innate Abilities, Weirdness & Mutations

You are a tree.
Your roots penetrate the ground, keeping you stationary.
You cannot be teleported.
You are immune to unholy pain and torment.
Your maximum health is greatly increased.
Your equipment is partially melded.
You regain HP and MP as you explore.
You are very frail. (-20% HP)
You occasionally lose the ability to read scrolls when taking damage.


Message History

Okay, then.
You turn into a tree.
Your +1 cloak melds into your body.
Your +0 helmet melds into your body.
Your +1 pair of gloves melds into your body.
Your +2 pair of boots melds into your body.
Your +2 steam dragon scales melds into your body.
Your roots penetrate the ground.
* * * LOW HITPOINT WARNING * * *
You feel very sick.
It was a potion of berserk rage.
A red film seems to cover your vision as you go berserk!
You feel yourself moving faster!
You feel mighty!
* * * LOW HITPOINT WARNING * * *
You feel very sick.
You are too berserk!
You feel a strong urge to attack something.
* * * LOW HITPOINT WARNING * * *
You feel sick.
* * * LOW HITPOINT WARNING * * *
You feel sick.
You feel your anger nearly subside.
* * * LOW HITPOINT WARNING * * *
You feel sick.
You are no longer berserk.
You are exhausted.
You feel yourself slow down. Elyvilon protects you from harm!
It was a potion of mutation.
You feel extremely strange.
You feel frail.
You occasionally lose the ability to read scrolls when taking damage.
You feel frail.
* * * LOW HITPOINT WARNING * * *
You feel sick.
Unknown command.
Okay, then.
Unknown command.
Unknown command.
It was a potion of might.
You feel very mighty all of a sudden.
You die...

........[...#.#.#...# #......
.......#..###.#[#.#.# #......
.......#..#...#...#.#### #......
.......##.....[........####......
.......##................##......
........#...........#.##..'......
#######...............##.##......
# ####..#..>..#......###'####
####### #......♣#.....### #..)..
....#.# #............###########
###.#.# #............# #........
#.#...# ##.##.......## #........
#.###.# ###)........# #........
#.....# #.'.........# #......[<
#.##### ##.#...÷÷....# #........
#.....# #..#.........# #........
#.#######.##.........####........


There were no monsters in sight!

Vanquished Creatures
  4 two-headed ogres
  A death yak (D:10)
  A cane toad (D:10)
  A gargoyle (D:10)
  A troll (D:9)
  Prince Ribbit (D:9)
  2 slime creatures (D:10)
  A wraith (D:10)
  A shadow (D:10)
  7 yaks
  A vampire (D:9)
  3 steam dragons
  A wyvern (D:10)
  Menkaure (D:7)
  A water moccasin (D:5)
  4 orc warriors
  A black bear (D:6)
  A sky beast (D:8)
  4 ice beasts
  An ogre (D:5)
  A crocodile (Sewer)
  6 wolves (Bailey)
  A centaur (D:10)
  2 kobold brigands
  8 gnoll sergeants
  A water moccasin zombie (D:4)
  A bullfrog (D:9)
  8 wights (D:6)
  A howler monkey (D:5)
  3 bombardier beetles
  5 hounds
  Crazy Yiuf (D:6)
  A bullfrog zombie (D:4)
  3 orc priests
  6 gnoll boudas (Bailey)
  12 orc wizards
  6 iguanas
  Natasha (thrice) (D:2)
  4 killer bee zombies (D:8)
  3 hound zombies (D:4)
  A mummy (D:8)
  Robin (D:4)
  7 adders
  11 gnolls
  A white imp (D:7)
  2 ufetubi (D:6)
  2 dart slugs
  2 ribbon worms
  23 orcs
  4 bats
  8 endoplasms
  7 giant cockroaches
  23 goblins
  9 hobgoblins
  4 jackals (Sewer)
  14 kobolds
  12 quokkas
  8 ball pythons
  5 frilled lizards
  7 rats
  A boulder (Lair:1)
266 creatures vanquished.

Vanquished Creatures (collateral kills)
  8 boulders
8 creatures vanquished.

Vanquished Creatures (others)
  4 death yaks (D:10)
  An orc wizard (D:8)
  13 boulders
18 creatures vanquished.

Grand Total: 292 creatures vanquished

Notes
Turn   | Place    | Note
-------+----------+-------------------------------------------
     0 | D:1      | Khashishi the Human Earth Elementalist began the quest for
                  | the Orb.
     0 | D:1      | Reached XP level 1. HP: 13/13 MP: 3/3
   101 | D:1      | Reached XP level 2. HP: 14/19 MP: 1/5
   578 | D:1      | Reached XP level 3. HP: 24/24 MP: 6/6
   662 | D:1      | Learned a level 3 spell: Stone Arrow
  1272 | D:2      | Noticed Natasha
  1276 | D:2      | Killed Natasha
  1277 | D:2      | Reached XP level 4. HP: 30/30 MP: 5/8
  1322 | D:2      | Noticed Natasha
  1335 | D:2      | Learned a level 4 spell: Brom's Barrelling Boulder
  1337 | D:2      | Killed Natasha
  1399 | D:2      | Reached XP level 5. HP: 35/35 MP: 6/9
  1663 | D:2      | Noticed Natasha
  2032 | D:3      | Reached XP level 6. HP: 41/41 MP: 7/11
  2354 | D:2      | Killed Natasha
  2849 | D:4      | Found Tiebafa's Assorted Antiques.
  2860 | D:4      | Bought a scroll labelled DEIBIXZ QACH for 26 gold pieces
  2860 | D:4      | Bought a scroll labelled LOCEPT RULOENE for 26 gold pieces
  2944 | D:4      | Found Vuro's Distillery.
  2946 | D:4      | Found a basalt altar of Yredelemnul.
  3065 | D:4      | Reached XP level 7. HP: 46/46 MP: 8/13
  3069 | D:4      | Reached skill level 5 in Earth Magic
  3120 | D:4      | Noticed Robin
  3130 | D:4      | Killed Robin
  3145 | D:4      | Found Ker Oxe's Book Shop.
  3147 | D:4      | Found Faythie's Assorted Antiques.
  3159 | D:4      | Found Jekest Faumn's Weapon Shoppe.
  3159 | D:4      | Noticed a +0 demon trident
  3160 | D:4      | Noticed a +0 executioner's axe
  3184 | D:4      | Bought a scroll labelled LOCEPT RULOENE for 34 gold pieces
  3367 | D:4      | Bought a dazzling sling for 169 gold pieces
  3367 | D:4      | Identified the +7 sling "Civugun" {flame, rF+ Str+3} (You
                  | bought it in a shop on level 4 of the Dungeon)
  3382 | D:5      | Entered Level 5 of the Dungeon
  3494 | D:5      | Reached skill level 5 in Spellcasting
  3569 | D:5      | Reached XP level 8. HP: 52/52 MP: 15/15
  3571 | D:5      | Reached skill level 5 in Conjurations
  3573 | D:5      | Found a glowing drain.
  3585 | Sewer    | Entered a sewer
  4173 | D:6      | Found Tytiykul's Assorted Antiques.
  4188 | D:6      | Bought an emerald potion for 19 gold pieces
  4188 | D:6      | Bought a metallic golden potion for 19 gold pieces
  4617 | D:6      | Reached XP level 9. HP: 47/57 MP: 10/18
  5083 | D:6      | Found a runed translucent door.
  5086 | D:6      | Noticed Crazy Yiuf
  5088 | D:6      | Killed Crazy Yiuf
  5443 | D:7      | Found a burning altar of Makhleb.
  5622 | D:7      | Found a staircase to the Ecumenical Temple.
  5631 | Temple   | Entered the Ecumenical Temple
  5645 | Temple   | Became a worshipper of Elyvilon the Healer
  5842 | D:7      | Noticed Menkaure
  5844 | D:7      | Killed Menkaure
  5878 | D:7      | Reached * piety under Elyvilon
  5946 | D:8      | Reached skill level 1 in Invocations
  6076 | D:8      | Noticed a two-headed ogre
  6155 | D:8      | Noticed a two-headed ogre
  6196 | D:6      | Bought a shiny wooden wand for 88 gold pieces
  6460 | D:9      | Reached XP level 10. HP: 63/63 MP: 9/21
  6462 | D:9      | Reached ** piety under Elyvilon
  6678 | D:9      | Found a flagged portal.
  6691 | Bailey   | Entered a bailey
  7474 | Bailey   | Learned a level 3 spell: Passwall
  7707 | D:9      | Reached *** piety under Elyvilon
  7722 | D:9      | Noticed Prince Ribbit
  7731 | D:9      | Killed Prince Ribbit
  8151 | D:8      | Found a shimmering altar of Xom.
  8152 | D:8      | Found an ornate altar of the Wu Jian Council.
  8234 | D:8      | Killed a two-headed ogre
  8235 | D:8      | Reached skill level 5 in Invocations
  8389 | D:8      | Killed a two-headed ogre
  8427 | D:8      | Reached XP level 11. HP: 67/68 MP: 23/23
  8458 | D:8      | Noticed a two-headed ogre
  8465 | D:8      | Killed a two-headed ogre
  8603 | D:10     | Entered Level 10 of the Dungeon
  8613 | D:10     | Reached skill level 10 in Earth Magic
  8693 | D:10     | Noticed a two-headed ogre
  8706 | D:10     | Killed a two-headed ogre
  8761 | D:10     | Found Rapehec's Distillery.
  8770 | D:10     | Bought a potion of curing for 39 gold pieces
  8804 | D:10     | Reached skill level 1 in Fighting
  8804 | D:10     | Reached skill level 1 in Armour
  8835 | D:10     | Reached **** piety under Elyvilon
  8906 | D:10     | Noticed a death yak
  9127 | D:4      | Bought a book of the Earth for 468 gold pieces
  9133 | D:4      | Learned a level 5 spell: Lee's Rapid Deconstruction
  9140 | D:4      | Learned a level 6 spell: Bombard
  9145 | D:4      | Learned a level 4 spell: Leda's Liquefaction
  9420 | D:10     | Noticed a death yak
  9421 | D:10     | Pacified a death yak
  9422 | D:10     | Noticed a death yak
  9422 | D:10     | Noticed a death yak
  9428 | D:10     | Pacified a death yak
  9429 | D:10     | Reached skill level 1 in Alchemy
  9430 | D:10     | Pacified a death yak
  9435 | D:10     | Killed a death yak
  9437 | D:10     | Killed a death yak
  9438 | D:10     | Noticed a death yak
  9439 | D:10     | Noticed a death yak
  9440 | D:10     | Pacified a death yak
  9446 | D:10     | Killed a death yak
  9449 | D:10     | Killed a death yak
  9485 | D:10     | Killed a death yak
  9503 | D:10     | Found a staircase to the Lair.
  9719 | Lair:1   | Entered Level 1 of the Lair of Beasts
  9732 | Lair:1   | Reached skill level 10 in Conjurations
  9873 | Lair:1   | Reached XP level 12. HP: 46/81 MP: 18/24
  9884 | D:10     | Reached skill level 1 in Ranged Weapons
  9892 | D:10     | Elyvilon protects you from harm!
  9893 | D:10     | HP: 6/121 [poisoned by a cane toad]
  9898 | D:10     | Elyvilon protects you from harm!
  9899 | D:10     | Gained mutation: You are frail. (-10% HP) [potion of
                  | mutation]
  9899 | D:10     | Gained mutation: You occasionally lose the ability to read
                  | scrolls when taking damage. [potion of mutation]
  9899 | D:10     | Gained mutation: You are very frail. (-20% HP) [potion of
                  | mutation]
  9899 | D:10     | HP: 1/96 [poisoned by a cane toad]
  9900 | D:10     | Succumbed to a cane toad's poison

Illustrated notes

Levels and vault maps discovered:
D:1:      dpeg_arrival_simpleton_b, layout_loops_cross,
          grunt_decor_mini_mirrors, minmay_pentomino_t4
D:2:      layout_rooms, uniq_natasha
D:3:      layout_basic, minmay_quantized
D:4:      layout_rooms, nicolae_yredelemnul_corpse_copse, serial_shops, shop,
          shop, shop, nicolae_shop_mannequins, shop, uniq_robin
D:5:      layout_loops_ring, portal_sewer_entry_f
D:6:      layout_loops_ring, ebering_dispersal_statue_hall,
          nicolae_stop_n_shop_1, uniq_crazy_yiuf_cottage
D:7:      layout_basic, mainiacjoe_overflow_chevrons, minmay_temple_entry_ruins,
          dreamdust_princess_bridge, uniq_menkaure
D:8:      nicolae_hitomezashi [nicolae_hito_row, nicolae_hito_row,
          nicolae_hito_row, nicolae_hito_row, nicolae_hito_row,
          nicolae_hito_row, nicolae_hito_row, nicolae_hito_row,
          nicolae_hito_row, nicolae_hito_row, nicolae_hito_row,
          nicolae_hito_row, nicolae_hito_row, nicolae_hito_row,
          nicolae_hito_row, nicolae_hito_row, nicolae_hito_row,
          nicolae_hito_row], layout_gridville, mainiacjoe_overflow_divided_tiny,
          st_stairs_2, minivault_26, minmay_mini_ossuary
D:9:      layout_loops_ring, enter_bailey_3, minmay_misc_feat_iff,
          minmay_misc_feat_secret_circle, serial_library_hellmonk_h_bend,
          uniq_prince_ribbit1
D:10:     layout_roguey, dpeg_lair_monsters, serial_shops,
          nicolae_shop_industrial_runoff
Temple:   nicolae_temple_bog_church
Lair:1:   layout_small_grid, grunt_megastairs_3

Skill      XL: |  1  2  3  4  5  6  7  8  9 10 11 12 |
---------------+-------------------------------------+-----
Conjurations   | 2 3 4 6 7 9 10 | 10.0
Spellcasting   | 3 4 5 6 7 8 |  8.5
Earth Magic    | 4 5 7 8 9 10 | 10.4
Invocations    | 2 6 7 |  7.7
Fighting       | 3 |  3.0
Armour         | 3 |  3.0
Dodging        | 3 4 |  4.0
Alchemy        | 2 3 |  3.0
Ranged Weapons | 1 |  1.3
Stealth        | |  2.0

Action                     |  1- 3 |  4- 6 |  7- 9 | 10-12 || total
---------------------------+-------+-------+-------+-------++-------
  Melee: Short sword       |    36 |       |       |       ||    36
         Punch             |     1 |       |       |       ||     1
         Dagger            |       |       |       |     8 ||     8
   Fire: Sling             |       |       |    68 |   103 ||   171
   Cast: Sandblast         |    66 |   102 |   128 |    58 ||   354
         Stone Arrow       |       |       |    17 |    64 ||    81
         Brom's Barrelling |       |       |    16 |    14 ||    30
         Lee's Rapid Decon |       |       |       |     4 ||     4
 Invoke: Purification      |       |       |     1 |     3 ||     4
         Heal Other        |       |       |       |    17 ||    17
         Heal Self         |       |       |       |     1 ||     1
  Evoke: Wand              |       |       |       |    13 ||    13
         Phial of floods   |       |       |       |     1 ||     1
    Use: Scroll            |       |     7 |    13 |     2 ||    22
         Potion            |       |       |       |     6 ||     6
   Stab: Sleeping          |     3 |       |       |       ||     3
         Paralysed         |       |       |       |     5 ||     5
 Armour: Robe              |    46 |    14 |    27 |       ||    87
         Steam dragon scal |       |       |    25 |    69 ||    94
  Dodge: Dodged            |    48 |    33 |    82 |   104 ||   267

Table legend: (Time is in decaauts)
 A = Elapsed time spent in this place.
 B = Non-inter-level travel time spent in this place.
 C = Inter-level travel time spent in this place.
 D = Time resting spent in this place.
 E = Time spent auto-exploring this place.
 F = Levels seen in this place.
 G = Mean time per level.
                   A        B        C        D        E       F      G
               +--------+--------+--------+--------+--------+-----+--------+
         Total |  10164 |   9329 |    835 |   1734 |   4066 |  14 |  726.0 |
       Dungeon |   8919 |   8097 |    822 |   1160 |   3993 |  10 |  891.9 |
        Temple |     29 |     16 |     13 |      0 |      0 |   1 |   29.0 |
          Lair |     36 |     36 |      0 |      0 |      4 |   1 |   36.0 |
         Sewer |    165 |    165 |      0 |     47 |     59 |   1 |  165.0 |
        Bailey |   1014 |   1014 |      0 |    527 |     10 |   1 | 1014.0 |
               +--------+--------+--------+--------+--------+-----+--------+

Top non-repeatable levels by time:
     D:6: 1137 daAuts
     D:1: 1095 daAuts
    D:10: 1021 daAuts
  Bailey: 1014 daAuts
     D:3: 984 daAuts
     D:8: 897 daAuts
     D:2: 824 daAuts
     D:9: 787 daAuts
     D:5: 784 daAuts
     D:7: 774 daAuts
     D:4: 610 daAuts
   Sewer: 165 daAuts
  Lair:1: 36 daAuts
  Temple: 29 daAuts
